cohdb
Replays
Latest Replays
All Replays
Popular Replays
Top Player Replays
Match Explorer
How It Works
Community
CoH3 Stats
Reddit
Sign in to upload your games and track your stats! →
Sign in with Steam
Match 41017362
Unlisted
Match 41017362
Overview
Messages
Build Orders
End
Panzergrenadier Squad
Panzergrenadier Squad
Panzergrenadier Squad
Selects Italian Infantry
Selects Guastatori Squad
Selects L6/40 Light Tank Combat Group
L6/40 Light Tank Combat Group
Construct Light Support Kompanie
Panzerjäger Mechanized Group
Construct Mechanized Kompanie
Vehicle Survival Package
Support Armor Elements
Combat Half-tracks
Emergency Repair Kits
Advanced Optics
Construct Panzerarmee Kommand
Tungsten Core Ammunition
Selects Sound the Alarm
Selects Towed Cannone da 105/28 Field Howitzer
Panzer III L Medium Tank
Rapid Advance
Selects Prepared Positions
Panzer III L Medium Tank
Panzer III L Medium Tank
Marder III Tank Destroyer
Marder III Tank Destroyer
Selects Obice 305mm Barrage
18-tonne Recovery Half-track
Guastatori Squad
Panzer III L Medium Tank
General Akkerman
Maangas
Devenes
Bran
DrewP
Dillbro
0
0
Comments
sign in to comment!
No comments posted yet!